 Dungeon Crawl Stone Soup version 0.27-a0-1140-g099f9bb0e8 (webtiles) character file.

Game seed: 2148984949948655123

53 Monzz the Skirmisher (level 3, 0/31 HPs)
             Began as a Palentonga Fighter on May 8, 2021.
             Slain by an orc
             ... wielding a +0 flail
              (5 damage)
             ... on level 3 of the Dungeon.
             The game lasted 00:03:59 (1984 turns).

Monzz the Skirmisher (Palentonga Fighter)           Turns: 1984, Time: 00:04:00

Health: 0/31       AC:  6    Str: 19    XL:     3   Next: 62%
Magic:  3/3        EV:  5    Int:  9    God:
Gold:   67         SH:  0    Dex:  9    Spells: 2/2 levels left

rFire    . . .     SeeInvis +   a - +0 trident
rCold    . . .     Faith    .   c - +0 kite shield
rNeg     . . .     Spirit   .   b - +0 scale mail
rPois    .         Reflect  .   (no helmet)
rElec    .         Harm     .   (no cloak)
rCorr    .         Rampage  .   (no gloves)
Will     .....                  (no barding)
Stlth    ..........             (no amulet)
HPRegen  0.10/turn              (no ring)
MPRegen  0.08/turn              (no ring)

@: confused
A: large, rugged brown scales 3, see invisible, deformed body, roll 1, armoured
tail
a: Rolling Charge


You were on level 3 of the Dungeon.
You visited 1 branch of the dungeon, and saw 3 of its levels.

You collected 67 gold pieces.

Inventory:

Hand Weapons
 a - a +0 trident (weapon)
Missiles
 l - 24 stones (quivered)
Armour
 b - a +0 scale mail (worn)
 c - a +0 kite shield (worn)
Scrolls
 e - a scroll of silence {unknown}
 f - a scroll of acquirement {unknown}
 g - 4 scrolls of identify {unknown}
 k - a scroll of noise {unknown}
 m - a scroll of teleportation {unknown}
 n - a scroll of blinking {unknown}
Potions
 d - 2 potions of might
 h - a potion of resistance {unknown}
 i - a potion of cancellation {unknown}
 j - a potion of mutation {unknown}


   Skills:
 + Level 3.3 Fighting
 + Level 2.3 Polearms
 + Level 2.8 Armour
 + Level 0.2 Dodging
 + Level 2.9 Shields


You had 2 spell levels left.
You didn't know any spells.
Your spell library was empty.

Dungeon Overview and Level Annotations

Branches:
Dungeon (3/15)

Altars:


Innate Abilities, Weirdness & Mutations

You are completely covered in rugged brown scales. (AC +3, +7% HP)
You have supernaturally acute eyesight. (SInv)
Armour fits poorly on your strangely shaped body.
You can roll at nearby foes to attack.
You have a long armoured tail.


Message History

You hit the orc wizard.
Your tail-slap misses the orc wizard.
The orc wizard is almost dead.
You barely miss the orc wizard.
The orc wizard is almost dead.
You block the orc wizard's attack.
You hit the orc wizard but do no damage.
Your tail-slap misses the orc wizard.
The orc wizard is almost dead.
You block the orc wizard's attack. The orc hits you with a +0 club.
The orc wizard points at you and mumbles some strange words.
You resist with significant effort.
You closely miss the orc wizard.
The orc wizard is almost dead.
The orc hits you but does no damage. The orc wizard casts a spell at you.
You resist with significant effort.
You hit the orc.
The orc is moderately wounded.
You block the orc wizard's attack. The orc hits you with a +0 club.
The orc hits you but does no damage. You block the orc wizard's attack.
You closely miss the orc. You tail-slap the orc.
You kill the orc!
The orc closely misses you. You block the orc wizard's attack.
You block the orc's attack.
You see here a +0 club.
Your shield and scale mail prevent you from hitting the orc.
You block the orc's attack.
The orc wizard hits you but does no damage.
You block the orc's attack.
The orc wizard hits you with a +0 dagger.
You block the orc's attack. The orc wizard casts a spell at you.
You are confused.
The goblin hits you but does no damage. The orc wizard casts a spell at you.
The magic dart hits you!
* * * LOW HITPOINT WARNING * * *
You closely miss the goblin. The goblin barely misses you.
The orc hits you with a +0 flail.
You die...

...#### ##.....
##.....###
#.....?..#
#..>.....#
#........# .#
#......###...##
#..@oo.)...⌠...
##..g.)##.....#
#...o...##...##
#........##.##
#.....<...#+#
#...........#
#.........###
##.......##
##.....##


You could see an orc wizard (invisible), 2 orcs and a goblin.

Vanquished Creatures
  2 orcs (D:3)
  3 ball pythons (D:2)
  2 endoplasms (D:1)
  A giant cockroach (D:1)
  6 hobgoblins
  7 jackals
  2 kobolds (D:1)
  2 quokkas (D:2)
  4 bats
  3 frilled lizards
  5 goblins
  11 rats
48 creatures vanquished.

Notes
Turn   | Place    | Note
-------+----------+-------------------------------------------
     0 | D:1      | Monzz the Palentonga Fighter began the quest for the Orb.
     0 | D:1      | Reached XP level 1. HP: 19/19 MP: 1/1
   112 | D:1      | Reached XP level 2. HP: 17/25 MP: 2/2
  1003 | D:1      | Reached XP level 3. HP: 31/31 MP: 3/3
  1984 | D:3      | Slain by an orc

Illustrated notes

Levels and vault maps discovered:
D:1:      grunt_arrival_crossed_arrows, layout_basic, minmay_misc_feat_square
D:2:      layout_loops_ring, serial_aquarium, aquarium_bridge_straight
          [aquarium_subvault_bridge, aquarium_subvault_wall,
          aquarium_subvault_bridge, aquarium_subvault_window],
          aquarium_window_fake, aquarium_window_fake, aquarium_window_1,
          aquarium_view_2c
D:3:      layout_rooms, serial_shops, nicolae_shop_statue_plus,
          grunt_ministairs_15, uniq_grinder

Skill      XL: |  1  2 |
---------------+-------+-----
Polearms       | 2 |  2.3
Fighting       | |  3.3
Armour         | |  2.8
Dodging        | |  0.2
Shields        | |  2.9

Action                   || total
-------------------------++-------
Melee: Trident           ||   120
       Tailslap          ||    11
Throw: Stone             ||     7
Armor: Scale mail        ||    50
Dodge: Dodged            ||    20
Block: Kite shield       ||    48

Table legend: (Time is in decaauts)
 A = Elapsed time spent in this place.
 B = Non-inter-level travel time spent in this place.
 C = Inter-level travel time spent in this place.
 D = Time resting spent in this place.
 E = Time spent auto-exploring this place.
 F = Levels seen in this place.
 G = Mean time per level.
                   A        B        C        D        E       F      G
               +--------+--------+--------+--------+--------+-----+--------+
         Total |   2034 |   1985 |     49 |      0 |   1690 |   3 |  678.0 |
       Dungeon |   2034 |   1985 |     49 |      0 |   1690 |   3 |  678.0 |
               +--------+--------+--------+--------+--------+-----+--------+

Top non-repeatable levels by time:
     D:1: 1219 daAuts
     D:2: 773 daAuts
     D:3: 41 daAuts
